AoeStats
← LimitBid70

Arabia

509586132Analyzed
3v3 RM · 4d ago on Sep 27, 2026· 49m 24s· 6 players
Game mode
Random Map
Map size
Normal (6 player)
Population
200
Speed
Normal
Resources
Standard
Victory
Conquest
Starting age
Dark Age
Ending age
Imperial Age
RankedLock teamsTeams togetherTeam positionsShared explorationLock speedFull tech treeHidden civsTurbo modeCheats
Victory
Defeat
🇩🇪 Saxons · Germany
1069
+13
🇬🇧 Huns · United Kingdom
1028
+15
🇹🇼 Chinese · Taiwan
988
+17
🇦🇺 Slavs · Australia
1029
-16
🇦🇺 Mapuche · Australia
1026
-16
🇬🇧 Vietnamese · United Kingdom
960
-13
LimitBid70
10:30 Feudal Age
11:35 Loom
12:34 Double-Bit Axe
12:50 Gold Mining
24:33 Castle Age
23:20 Fletching
23:30 Padded Archer Armor
25:53 Wheelbarrow
25:04 Town Watch
25:28 Bodkin Arrow
25:49 Leather Archer Armor
26:09 Bow Saw
26:31 Stone Mining
28:28 Horse Collar
32:10 Gold Shaft Mining
34:19 Forging
34:44 Malon
40:22 Imperial Age
40:28 Elite Bolas Rider
42:28 Ring Archer Armor
42:39 Ballistics
43:32 Chemistry
44:29 Town Patrol
47:54 Conscription
mcgav79
5:51 Loom
11:36 Feudal Age
12:17 Double-Bit Axe
12:17 Horse Collar
15:47 Wheelbarrow
22:43 Castle Age
24:13 Hand Cart
29:03 Gold Mining
29:04 Stone Mining
29:28 Bow Saw
29:21 Heavy Plow
29:46 Fletching
29:56 Padded Archer Armor
29:59 Crossbowman
30:47 Thumb Ring
31:46 Ballistics
38:05 Imperial Age
38:12 Arbalester
38:53 Bodkin Arrow
39:13 Leather Archer Armor
40:02 Two-Man Saw
39:38 Crop Rotation
40:02 Stone Shaft Mining
39:16 Town Watch
39:37 Bracer
40:41 Chemistry
48:27 Paper Money
49:22 Town Patrol
brian433
4:45 Loom
11:49 Feudal Age
18:18 Castle Age
18:08 Bloodlines
18:34 Double-Bit Axe
20:12 Scale Barding Armor
20:33 Horse Collar
21:07 Forging
24:00 Iron Casting
23:45 Bow Saw
26:35 Chain Barding Armor
27:13 Husbandry
28:40 Wheelbarrow
27:52 Town Watch
28:28 Gold Mining
30:33 Padded Archer Armor
30:24 Fletching
34:12 Sanctity
34:39 Leather Archer Armor
34:27 Elite Skirmisher
36:07 Gold Shaft Mining
37:09 Ballistics
46:48 Bodkin Arrow
jeffhou47
12:48 Feudal Age
23:05 Wheelbarrow
26:31 Castle Age
26:28 Padded Archer Armor
26:18 Fletching
26:29 Scale Mail Armor
26:48 Pikeman
26:49 Crossbowman
29:50 Elite Skirmisher
31:14 Double-Bit Axe
34:51 Imperial Age
32:46 Bow Saw
34:54 Fortified Wall
34:40 Murder Holes
35:12 Halberdier
36:32 Arbalester
38:33 Two-Man Saw
40:13 Leather Archer Armor
39:53 Bodkin Arrow
42:57 Stone Mining
42:58 Gold Mining
43:58 Heavy Scorpion
Donelson
4:24 Loom
9:25 Feudal Age
11:00 Man-at-Arms
13:52 Fletching
22:02 Castle Age
20:30 Double-Bit Axe
21:23 Town Watch
23:18 Bodkin Arrow
28:31 Ballistics
28:36 Horse Collar
30:26 Scale Barding Armor
30:22 Padded Archer Armor
33:42 Bow Saw
33:35 Heavy Plow
35:36 Leather Archer Armor
35:51 Bloodlines
36:45 Wheelbarrow
36:33 Light Cavalry
37:36 Chain Barding Armor
37:27 Husbandry
37:10 Elite Skirmisher
41:40 Forging
47:59 Imperial Age
47:01 Murder Holes
47:24 Thumb Ring
46:43 Crossbowman
48:16 Hussar
Rackl Peter
8:02 Loom
10:36 Feudal Age
11:17 Double-Bit Axe
16:23 Castle Age
21:51 Horse Collar
23:10 Heavy Plow
24:02 Crossbowman
29:26 Fletching
29:52 Gambesons
30:08 Squires
33:21 Wheelbarrow
33:26 Ballistics
36:11 Imperial Age
33:41 Bodkin Arrow
33:48 Padded Archer Armor
34:29 Thumb Ring
36:04 Scale Mail Armor
36:14 Forging
36:51 Gold Mining
36:59 Arbalester
37:43 Bracer
38:19 Iron Casting
38:00 Chain Mail Armor
39:01 Crop Rotation
38:45 Bow Saw
38:57 Elite Varangian Guard
43:02 Conscription
42:41 Town Watch
42:27 Pikeman
46:05 Plate Mail Armor
45:51 Leather Archer Armor
46:05 Hand Cart
45:50 Town Patrol
Connection lost

Rejoining the realm…

Still unreachable

The connection could not be restored.

Session expired

The server has moved on; the page needs a fresh start.